 Dungeon Crawl Stone Soup version 0.32-a0-699-g1ee5eff69a (webtiles) character file.

Game seed: 8946676902727083246

533 Fodor the Chopper (level 7, -3/61 HPs)
             Began as a Minotaur Fighter on Mar 13, 2024.
             Was an Initiate of Gozag.
             Slain by an ogre
             ... wielding a +0 giant spiked club
              (17 damage)
             ... on level 5 of the Dungeon.
             The game lasted 00:12:26 (2995 turns).

Fodor the Chopper (Minotaur Fighter)                Turns: 2995, Time: 00:12:26

Health: -3/61      AC: 10    Str: 22    XL:     7   Next: 4%
Magic:  6/6        EV:  5    Int:  5    God:    Gozag
Gold:   321        SH: 14    Dex: 16    Spells: 6/6 levels left

rFire   . . .        a - +0 war axe
rCold   . . .        A - +0 tower shield
rNeg    . . .        b - +0 chain mail
rPois   +            (helmet restricted)
rElec   .            (no cloak)
rCorr   .            (no gloves)
SInv    .            (no boots)
Will    .....        (no amulet) Stlth
                     r - ring of poison resistance
HPRegen 0.30/turn    p - +6 ring of dexterity
MPRegen 0.10/turn

%: no passive effects
@: gold aura
A: horns 2, retaliatory headbutt
a: Renounce Religion, Potion Petition, Call Merchant, Bribe Branch


You were on level 5 of the Dungeon.
You worshipped Gozag.
Gozag was aware of your devotion.
You visited 2 branches of the dungeon, and saw 6 of its levels.

You collected 542 gold pieces.
You spent 135 gold pieces at shops.
You paid 86 gold pieces to Gozag.

Inventory:

Hand Weapons
 a - a +0 war axe (weapon)
 h - a +0 sling
Missiles
 o - 3 boomerangs (quivered)
Armour
 b - a +0 chain mail (worn)
 x - a +1 hat
 A - a +0 tower shield (worn)
Jewellery
 p - a +6 ring of dexterity (right hand)
 r - a ring of poison resistance (left hand)
 s - a ring of protection from cold
Talismans
 g - a granite talisman
 k - a blade talisman
 l - a flux talisman
 q - a maw talisman
 z - a blade talisman
Wands
 C - a wand of flame (9)
Scrolls
 e - 2 scrolls of immolation
 i - 2 scrolls of fear
 m - a scroll of revelation
 t - a scroll of vulnerability {unknown}
 y - 2 scrolls of poison
 D - a scroll of teleportation {unknown}
 E - 3 scrolls of identify
Potions
 c - a potion of degeneration {unknown}
 d - 2 potions of might
 f - 2 potions of haste {unknown}
 j - a potion of attraction {unknown}
 n - a potion of enlightenment {unknown}
 u - a potion of curing {unknown}
 v - a potion of mutation {unknown}
 w - 2 potions of heal wounds {unknown}
 B - 3 potions of lignification


   Skills:
 + Level 5.6 Fighting
 + Level 5.9 Axes
 + Level 5.7 Armour
 + Level 0.5 Dodging
 + Level 0.1 Stealth
 + Level 4.8 Shields


You had 6 spell levels left.
You didn't know any spells.
Your spell library contained the following spells:

 Spells                   Type           Power      Damage    Failure   Level
 Sublimation of Blood     Necr           0%         N/A       100%        2
 Fugue of the Fallen      Necr           0%         N/A       100%        3
 Ozocubu's Armour         Ice            0%         N/A       100%        3
 Manifold Assault         Tloc           0%         N/A       100%        4
 Petrify                  Alch/Erth      0%         N/A       100%        4
 Irradiate                Conj/Alch      0%         3d11      100%        5


Dungeon Overview and Level Annotations

Branches:
Dungeon (5/15)             Temple (1/1) D:4

Altars:
Ashenzari
Cheibriados
Dithmenos
Elyvilon
Fedhas
Gozag
Hepliaklqana
Kikubaaqudgha
Nemelex Xobeh
Ru
Sif Muna
Trog
Uskayaw
Vehumet
Xom
Yredelemnul
Zin

Shops:
D:2 [(   D:3 *   D:4 **

Annotations:
D:3 1 exclusion


Innate Abilities, Weirdness & Mutations

You have a pair of horns on your head.
You reflexively headbutt those who attack you in melee.


Message History

You add the spells Sublimation of Blood, Petrify and Irradiate to your library.
Unknown command.
E - 3 scrolls of identify You see here a +0 scale mail.
You now have 296 gold pieces (gained 5).
Found a club.
You now have 308 gold pieces (gained 12).
B - 3 potions of lignification (gained 1)
You now have 321 gold pieces (gained 13).
y - 2 scrolls of poison (gained 1)
w - 2 grey potions (gained 1)
An ogre comes into view. It is wielding a +0 giant spiked club.
The ogre shouts!
You hear a shout!
An ogre comes into view. It is wielding a +0 giant spiked club.
The ogre shouts!
You block the ogre's attack.
You closely miss the ogre.
The ogre hits you with a +0 giant spiked club!!
You barely miss the ogre. You block the ogre's attack.
You slash the ogre!
The ogre is heavily wounded.
You slash the ogre!
The ogre hits you with a +0 giant spiked club!
You block the ogre's attack.
You slash the ogre!
The ogre is almost dead.
You hit the ogre. You block the ogre's attack. x2
You slash the ogre!
You kill the ogre!
You barely miss the ogre. You block the ogre's attack.
You have reached level 7!
You barely miss the ogre.
The ogre is heavily wounded.
The ogre hits you with a +0 giant spiked club!
* * * LOW HITPOINT WARNING * * *
You slash the ogre!
The ogre is almost dead.
The ogre hits you with a +0 giant spiked club!
You die...
Your body crumbles into a pile of gold.

..###.....##.##)#...>..#
...#..###..#.##.#........
.......#.....##.#........#
..#.........###.#........#
.##.........# #.#........#
..#......(..###.#.......
.......#................
...#..###..#....$.......
..###.....##.##.@O......
#..#.......#.##..#......
................## .....
....#.....##.##...# ####
....##...###..#.#.#
....#..... ##.#.#.#
........... .#.# .
#..#.......# .... ..
..###.....## ##.# ..


You could see an ogre.

Vanquished Creatures
  An ogre (D:5)
  2 hounds
  3 jellies
  An orc priest (D:5)
  2 sleepcaps (D:3)
  2 orc wizards
  An iguana (D:4)
  3 adders
  A shadow imp (D:5)
  2 white imps (D:5)
  A ribbon worm (D:4)
  3 dart slugs
  9 orcs
  5 ball pythons
  5 endoplasms
  3 giant cockroaches
  8 goblins
  5 hobgoblins
  7 jackals
  7 quokkas
  4 bats
  4 frilled lizards
  9 kobolds
  6 rats
94 creatures vanquished.

Notes
Turn   | Place    | Note
-------+----------+-------------------------------------------
     0 | D:1      | Fodor the Minotaur Fighter began the quest for the Orb.
     0 | D:1      | Reached XP level 1. HP: 19/19 MP: 0/0
    89 | D:1      | Reached XP level 2. HP: 27/27 MP: 1/1
   193 | D:1      | Found a faded altar of an unknown god.
   348 | D:1      | Reached XP level 3. HP: 33/33 MP: 2/2
   907 | D:2      | Reached XP level 4. HP: 40/40 MP: 3/3
   996 | D:2      | Found Fyorphy's Antique Weapon Shop.
  1179 | D:2      | Found Inwov's Antique Armour Shoppe.
  1325 | D:3      | Found a hazy altar of Hepliaklqana.
  1328 | D:3      | Found a sacrificial altar of Ru.
  1331 | D:3      | Found a radiant altar of Vehumet.
  1344 | D:3      | Found a shadowy altar of Dithmenos.
  1357 | D:3      | Found Refo's Assorted Antiques.
  1888 | D:3      | Reached XP level 5. HP: 42/47 MP: 4/4
  2023 | D:4      | Found a staircase to the Ecumenical Temple.
  2044 | Temple   | Entered the Ecumenical Temple
  2084 | Temple   | Became a worshipper of Gozag Ym Sagoz the Greedy
  2157 | D:4      | Reached skill level 5 in Armour
  2374 | D:4      | Found a transporter.
  2376 | D:4      | Found Plog's General Store.
  2398 | D:4      | Found a transporter.
  2402 | D:4      | Reached skill level 5 in Fighting
  2455 | D:4      | Reached XP level 6. HP: 56/56 MP: 5/5
  2541 | D:4      | Bought a potion of lignification for 36 gold pieces
  2541 | D:4      | Bought a scroll of identify for 24 gold pieces
  2541 | D:4      | Bought a wand of flame (9) for 75 gold pieces
  2598 | D:4      | Found Ukhuik's Fire Supplies.
  2700 | D:5      | Entered Level 5 of the Dungeon
  2738 | D:5      | Reached skill level 5 in Axes
  2994 | D:5      | Reached XP level 7. HP: 28/61 MP: 6/6
  2995 | D:5      | Slain by an ogre

Illustrated notes

Levels and vault maps discovered:
D:1:      nzn_arrival_settlement, layout_rooms,
          shapermc_ecumenical_altar_flowoftime
D:2:      layout_loops_ring, serial_shops, nicolae_shop_pleasant_corner_grove,
          nicolae_shop_peninsula
D:3:      layout_basic, grunt_temple_overflow_cloverleaf, serial_shops, shop,
          hellmonk_no_cap
D:4:      layout_gridville, minmay_temple_entry_grid, serial_shops,
          nicolae_shop_drivethru, nicolae_shop_fire_sale
          [nicolae_sub_dead_trees]
D:5:      nicolae_cairo_tiling_large_dashed, layout_rooms
Temple:   nicolae_temple_god_jail

Skill      XL: |  1  2  3  4  5  6 |
---------------+-------------------+-----
Fighting       | 4 5 |  5.6
Shields        | 4 |  4.8
Axes           | 3 4 5 |  5.9
Armour         | 4 5 |  5.7
Dodging        | |  0.5
Stealth        | |  0.1

Action                     |  1- 3 |  4- 6 |  7- 9 || total
---------------------------+-------+-------+-------++-------
  Melee: War axe           |    79 |   107 |     2 ||   188
         Headbutt          |     6 |    24 |       ||    30
    Use: Scroll            |       |     6 |       ||     6
 Armour: Scale mail        |    25 |       |       ||    25
         Chain mail        |    50 |    94 |     2 ||   146
  Dodge: Dodged            |    33 |    45 |       ||    78
  Block: Buckler           |    19 |    21 |       ||    40
         Tower shield      |       |    35 |       ||    35

Table legend: (Time is in decaauts)
 A = Elapsed time spent in this place.
 B = Non-inter-level travel time spent in this place.
 C = Inter-level travel time spent in this place.
 D = Time resting spent in this place.
 E = Time spent auto-exploring this place.
 F = Levels seen in this place.
 G = Mean time per level.
                   A        B        C        D        E       F      G
               +--------+--------+--------+--------+--------+-----+--------+
         Total |   3065 |   3013 |     52 |      0 |   1786 |   6 |  510.8 |
       Dungeon |   2989 |   2937 |     52 |      0 |   1786 |   5 |  597.8 |
        Temple |     75 |     75 |      0 |      0 |      0 |   1 |   75.0 |
               +--------+--------+--------+--------+--------+-----+--------+

Top non-repeatable levels by time:
     D:2: 799 daAuts
     D:3: 733 daAuts
     D:4: 623 daAuts
     D:1: 519 daAuts
     D:5: 313 daAuts
  Temple: 75 daAuts
